 Dungeon Crawl Stone Soup version 0.26.0-18-gc5c842f807 (webtiles) character file.

Game seed: 14690807936855308038

161 kaeus the Skirmisher (level 5, -7/42 HPs)
             Began as a Demonspawn Fighter on Jan 23, 2021.
             Blown up by Ijyb (27 damage)
             ... with a disintegration bolt
             ... on level 3 of the Dungeon.
             The game lasted 00:01:35 (2540 turns).

kaeus the Skirmisher (Demonspawn Fighter)           Turns: 2540, Time: 00:01:35

Health: -7/42      AC:  8    Str: 18    XL:     5   Next: 19%
Magic:  0/5        EV:  7    Int:  9    God:
Gold:   144        SH:  9    Dex: 12    Spells: 4/4 levels left

rFire    . . .     SeeInvis .   a - +0 war axe
rCold    . . .     Faith    .   c - +0 kite shield
rNeg     . . .     Spirit   +   b - +0 scale mail
rPois    .         Reflect  .   (no helmet)
rElec    .         Harm     .   (no cloak)
rCorr    .         Rampage  .   (no gloves)
Will     .....                  (no boots)
Stlth    ..........             (no amulet)
HPRegen  0.14/turn              (no ring)
MPRegen  0.18/turn              (no ring)

@: no status effects
A: slimy green scales 1, magic shield, magic regeneration
a: no special abilities


You were on level 3 of the Dungeon.
You visited 1 branch of the dungeon, and saw 3 of its levels.

You collected 144 gold pieces.

Inventory:

Hand Weapons
 a - a +0 war axe (weapon)
Armour
 b - a +0 scale mail (worn)
 c - a +0 kite shield (worn)
Jewellery
 j - an uncursed ring of ice
Scrolls
 e - 2 scrolls of identify
 f - 2 scrolls of remove curse
 i - a scroll of teleportation {unknown}
 k - a scroll of magic mapping {unknown}
 l - a scroll of noise {unknown}
 m - a scroll of enchant weapon {unknown}
 n - a scroll of amnesia {unknown}
 r - a scroll of enchant armour {unknown}
 s - a scroll of blinking {unknown}
Potions
 d - 3 potions of might
 g - 2 potions of lignification {unknown}
 h - a potion of resistance {unknown}
 o - a potion of brilliance {unknown}
 p - a potion of haste {unknown}
 q - a potion of degeneration {unknown}


   Skills:
 + Level 4.0 Fighting
 + Level 2.8 Axes
 + Level 3.5 Armour
 + Level 3.5 Shields


You had 4 spell levels left.
You didn't know any spells.
Your spell library was empty.

Dungeon Overview and Level Annotations

Branches:
Dungeon (3/15)

Altars:
Cheibriados

Annotations:
D:3 Ijyb


Innate Abilities, Weirdness & Mutations

You are partially covered in slimy green scales. (AC +2)
When hurt, damage is shared between your health and your magic reserves.
You regenerate magic rapidly.


Message History

You closely miss Ijyb. You block Ijyb's attack. Ijyb barely misses you.
Ijyb is nearby!
You hit Ijyb but do no damage. Ijyb hits you but does no damage.
Ijyb is nearby!
You barely miss Ijyb. Ijyb closely misses you.
Ijyb zaps a wand.
You are blasted!
Ijyb is nearby!
You are too injured to fight recklessly!
You take 13 damage, and have 21/42 hp.
MASSIVE DAMAGE!!
You now have 3/5 mp.
Ijyb is nearby!
You are too injured to fight recklessly!
Ijyb is nearby!
You are too injured to fight recklessly!
Ijyb is nearby!
You are too injured to fight recklessly!
Ijyb is nearby!
You are too injured to fight recklessly!
You closely miss Ijyb. Ijyb hits you.
Ijyb zaps a wand.
You are blasted!
Ouch! That really hurt!
You die...

### #.# .# .# # ##.##..
...... ....## ##### .....#
#...########g...#
#..........@.# #.#
#...########## ####.##
###.### #...... #.....# ##+#
#.##.## #.#.#.# ##...##
#.##.## #.#...# ##.....##
#.##.## #.###.## ##[......##
#.#..##
#.##...####(........###....##
#.#.......+.........'........


You could see Ijyb.

Vanquished Creatures
  2 orc wizards (D:3)
  2 adders (D:2)
  An ooze (D:3)
  5 worms
  3 dart slugs
  2 leopard geckos
  4 orcs (D:3)
  A giant cockroach (D:3)
  10 goblins
  6 hobgoblins
  3 jackals (D:1)
  A ball python (D:3)
  5 bats
  4 frilled lizards
  7 kobolds
  5 rats
61 creatures vanquished.

Notes
Turn   | Place    | Note
-------+----------+-------------------------------------------
     0 | D:1      | kaeus the Demonspawn Fighter began the quest for the Orb.
     0 | D:1      | Reached XP level 1. HP: 18/18 MP: 1/1
   209 | D:1      | Gained mutation: When hurt, damage is shared between your
                  | health and your magic reserves. [demonic ancestry]
   209 | D:1      | Reached XP level 2. HP: 24/24 MP: 2/2
   965 | D:2      | Gained mutation: You regenerate magic rapidly. [demonic
                  | ancestry]
   965 | D:2      | Reached XP level 3. HP: 29/29 MP: 3/3
  1352 | D:2      | Found a snail-covered altar of Cheibriados.
  1586 | D:2      | Reached XP level 4. HP: 33/36 MP: 4/4
  1775 | D:3      | Gained mutation: You are partially covered in slimy green
                  | scales. (AC +2) [demonic ancestry]
  1775 | D:3      | Reached XP level 5. HP: 23/42 MP: 2/5
  2503 | D:3      | Reached skill level 4 in Fighting
  2534 | D:3      | Noticed Ijyb
  2540 | D:3      | Blown up by Ijyb

Illustrated notes

Levels and vault maps discovered:
D:1:      dpeg_arrival_tiny_h, layout_loops_ring
D:2:      layout_loops_ring, kennysheep_slug_shrine
D:3:      layout_loops_corners, overflow_temple_1_default, uniq_ijyb

Skill      XL: |  1  2  3  4  5 |
---------------+----------------+-----
Axes           | 2 |  2.8
Armour         | 3 |  3.5
Shields        | 3 |  3.5
Fighting       | 4 |  4.0

Action                   |  1- 3 |  4- 6 || total
-------------------------+-------+-------++-------
Melee: War axe           |   126 |    75 ||   201
  Use: Scroll            |       |     2 ||     2
Armor: Scale mail        |    70 |    33 ||   103
Dodge: Dodged            |    39 |    18 ||    57
Block: Kite shield       |    73 |    29 ||   102
